 Seeded DCSS version 0.31.0-2-g5a2aebc5c2 (webtiles) character file.

Game seed: 2225198628417963733 (custom seed)

112 Pooter the Chopper (level 4, 0/41 HPs)
             Began as a Minotaur Berserker on Jan 20, 2024.
             Was a Believer of Trog.
             Slain by an orc priest
             ... wielding a +0 dagger of venom
              (2 damage)
             ... on level 2 of the Dungeon.
             The game lasted 00:08:38 (1791 turns).

Pooter the Chopper (Minotaur Berserker)             Turns: 1791, Time: 00:08:38

Health: 0/41       AC:  2    Str: 23    XL:     4   Next: 64%
Magic:  3/3        EV: 12    Int:  4    God:    Trog [**....]
Gold:   12         SH:  0    Dex: 10    Spells: 3/3 levels left

rFire   . . .        a - +0 hand axe
rCold   . . .        (no shield)
rNeg    . . .        h - +0 animal skin
rPois   .            (helmet restricted)
rElec   .            (no cloak)
rCorr   .            (no gloves)
SInv    .            (no boots)
Will    .....        i - amulet of faith {!P}
Stlth   +            (no ring)
HPRegen 0.26/turn    (no ring)
MPRegen 0.08/turn

%: faith
@: lethally poisoned (0 -> -8), on berserk cooldown, slowed, very slow
A: horns 2, retaliatory headbutt
a: Renounce Religion, Berserk, Trog's Hand


You were on level 2 of the Dungeon.
You worshipped Trog.
Trog was pleased with you.
You visited 1 branch of the dungeon, and saw 3 of its levels.

You collected 12 gold pieces.

Inventory:

Hand Weapons
 a - a +0 hand axe (weapon)
 b - a +0 sling
   (You found it on level 2 of the Dungeon)
Missiles
 c - 6 poisoned darts
 d - 2 javelins
 Q - 47 stones (quivered)
Armour
 h - a +0 animal skin (worn)
Jewellery
 i - an amulet of faith (around neck) {!P}
   (You found it on level 2 of the Dungeon)
Scrolls
 e - a scroll of noise {!r}
 f - a scroll of revelation
Potions
 j - a potion of heal wounds {unknown}


   Skills:
 + Level 4.5 Fighting
 * Level 5.1 Axes
 * Level 1.3 Ranged Weapons
 - Level 2.5 Armour
 - Level 2.9 Dodging
 - Level 0.1 Stealth


You had 3 spell levels left.
You didn't know any spells.
Your spell library was empty.

Dungeon Overview and Level Annotations

Branches:
Dungeon (3/15) Zot: 16179

Altars:


Innate Abilities, Weirdness & Mutations

You have a pair of horns on your head.
You reflexively headbutt those who attack you in melee.


Message History

The orc priest looks satisfied for a moment.
The orc misses you.
You slash the orc!
You kill the orc!
Trog accepts your kill.
You are no longer berserk.
You are exhausted.
You feel yourself slow down.
Things that are here:
a +0 dagger; a +0 robe The orc priest looks encouraged for a moment.
There is an open door here.
You feel the effects of Trog's Hand fading.
The orc priest looks braver for a moment.
The orc priest hits you with a +0 dagger of venom.
You are poisoned.
You feel very sick.
There is a stone staircase leading up here.
Your skin stops crawling.
You feel less strong-willed.
You feel sick. The orc priest closely misses you.
You climb upwards.
You feel very sick.
There is a stone staircase leading down here.
You slash the orc priest!
You feel sick.
The orc priest hits you with a +0 dagger of venom.
* * * LOW HITPOINT WARNING * * *
You are more poisoned.
The orc priest hits you with a +0 dagger of venom.
* * * LOW HITPOINT WARNING * * *
You are lethally poisoned!
You feel better.
The orc priest hits you with a +0 dagger of venom.
You are poisoned.
You hit the orc priest but do no damage.
You feel very sick. The orc priest barely misses you.
The orc priest hits you with a +0 dagger of venom.
* * * LOW HITPOINT WARNING * * *
You are lethally poisoned!
You hit the orc priest but do no damage.
* * * LOW HITPOINT WARNING * * *
You feel very sick.
The orc priest hits you with a +0 dagger of venom.
* * * LOW HITPOINT WARNING * * *
You closely miss the orc priest.
* * * LOW HITPOINT WARNING * * *
You feel very sick. The orc priest barely misses you.
The orc priest hits you with a +0 dagger of venom.
You die...

#.##.............####†#
#.##..#...............#
#.##..#...###.#..######
#..........##.#..#
#####.....####.#.....#
......##..# #.#.....# ###
########..####.......# #..
#..................[.# #..
#.######..####..@....#
####.. #.#
#..)....o:....#######.....
#.#
##.######.................
#.# #.# #############.....
#.#######.# ####..
#.........#############
#..
########..##....<.....#
#.. #..##.########.# ###
#..##.### #.# #


You could see an orc priest.

Vanquished Creatures
  An orc wizard (D:3)
  2 adders (D:2)
  A dart slug (D:1)
  6 ribbon worms (D:2)
  An orc (D:3)
  4 ball pythons
  7 endoplasms
  7 goblins
  4 hobgoblins
  3 quokkas
  7 bats
  3 frilled lizards (D:1)
  3 kobolds
  5 rats (D:1)
54 creatures vanquished.

Notes
Turn   | Place    | Note
-------+----------+-------------------------------------------
     0 | D:1      | Pooter the Minotaur Berserker began the quest for the Orb.
     0 | D:1      | Reached XP level 1. HP: 19/19 MP: 0/0
   200 | D:1      | Reached XP level 2. HP: 27/27 MP: 1/1
   302 | D:1      | Reached skill level 4 in Axes
   326 | D:1      | Reached ** piety under Trog
   592 | D:1      | Reached XP level 3. HP: 30/33 MP: 2/2
   895 | D:2      | Found the +5 robe of Misfortune {Harm *Corrode *Slow EV+5}
  1286 | D:2      | Reached XP level 4. HP: 41/41 MP: 3/3
  1775 | D:3      | Reached skill level 5 in Axes
  1775 | D:3      | Reached skill level 1 in Ranged Weapons
  1791 | D:2      | HP: 2/41 [poisoned by an orc priest]
  1791 | D:2      | Slain by an orc priest

Illustrated notes

Levels and vault maps discovered:
D:1:      lemuel_arrival_room, layout_basic, corexii_corridor_pit, st_stairs_1,
          nicolae_concentric_dashed_squares_mild, minmay_distorted
D:2:      layout_loops_ring, nicolae_wormholes
D:3:      layout_basic, chequers_ecumenical_altar_lobes, dk_vineyard_3,
          st_stairs_5

Skill      XL: |  1  2  3  4 |
---------------+-------------+-----
Fighting       | 4 |  4.5
Axes           | 4 5 |  5.1
Ranged Weapons | 1 |  1.3
Armour         | |  2.5
Dodging        | |  2.9
Stealth        | |  0.1

Action                     |  1- 3 |  4- 6 || total
---------------------------+-------+-------++-------
  Melee: Hand axe          |    74 |    14 ||    88
         Headbutt          |    13 |     2 ||    15
   Fire: Sling             |       |    19 ||    19
 Invoke: Berserk           |     2 |     1 ||     3
         Trog's Hand       |       |     1 ||     1
    Use: Scroll            |       |     3 ||     3
         Potion            |       |     1 ||     1
   Stab: Sleeping          |     1 |       ||     1
 Armour: Animal skin       |    47 |    19 ||    66
  Dodge: Dodged            |    44 |    10 ||    54
